 Dungeon Sprint DCSS version 0.30.1-11-g7821555f0a (webtiles) character file.

Game seed: 13044998144996812722

6101 Groucho the Imperceptible (level 10, -3/58 HPs)
             Began as a Felid Berserker on Nov 28, 2023.
             Was a High Priest of Trog.
             Slain by a shadow wraith (13 damage)
             ... summoned by a mummy priest
             ... in the Dungeon (Sprint I: "Red Sonja").
             The game lasted 00:13:50 (2921 turns).

Groucho the Imperceptible (Felid Berserker)         Turns: 2921, Time: 00:13:51

Health: -3/58      AC: -1    Str: 13    XL:     10   Next: 58%
Magic:  11/11      EV: 36    Int:  8    God:    Trog [*****.]
Gold:   2343       SH:  0    Dex: 21    Spells: 9/9 levels left
                                        Lives:  0   Deaths: 2

rFire   + .          .
                       - Unarmed
rCold   + . .        (shield unavailable)
rNeg    . . .        (body armour unavailable)
rPois   .            (helmet unavailable)
rElec   .            (cloak unavailable)
rCorr   .            (gloves unavailable)
SInv    +            (boots unavailable)
Will    +....        (no amulet)
Stlth   +++++++++    p - ring of flight
HPRegen 0.29/turn    q - ring of protection from fire
MPRegen 0.12/turn

%: no teleportation
@: flayed, corroded, flying, mesmerised, unable to drink, quick
A: very small, claws 1, fangs 3, see invisible, speed 1, shaggy fur 3, stealthy
paws, no weapons or thrown items, no armour, multi-lived, inability to drink
after injury 1
a: Renounce Religion, Berserk, Trog's Hand, Brothers in Arms


You were in the Dungeon.
You worshipped Trog.
Trog was extremely pleased with you.
You visited 1 branch You collected 3049 gold pieces.
You spent 706 gold pieces at shops.

Inventory:

Jewellery
 b - a +4 ring of protection
 j - a ring of positive energy
 p - a ring of flight (left paw)
 q - a ring of protection from fire (right paw)
 r - a ring of resist corrosion
 t - a ring of positive energy
Wands
 g - a wand of paralysis (7)
 h - a wand of mindburst (3)
 l - a wand of polymorph (4)
 n - a wand of acid (8)
Scrolls
 f - a scroll of enchant weapon {unknown}
 i - a scroll of torment {unknown}
 k - 2 scrolls of identify {unknown}
 s - a scroll of fog {unknown}
 u - a scroll of enchant armour {unknown}
Potions
 a - 3 potions of curing
 c - a potion of haste
 d - 2 potions of magic
 e - a potion of berserk rage
 o - a potion of flight {unknown}


   Skills:
 + Level 16.0 Fighting
 + Level 20.3 Dodging
 - Level 25.0 Stealth
 + Level 16.0 Unarmed Combat


You had 9 spell levels left.
You didn't know any spells.
Your spell library was empty.

Dungeon Overview and Level Annotations

Branches:
Dungeon (1/1)

Altars:
Cheibriados
Dithmenos
Elyvilon
Fedhas
Gozag
Hepliaklqana
Kikubaaqudgha
Makhleb
Nemelex Xobeh
Okawaru
Qazlal
Ru
Sif Muna
Trog
Uskayaw
Vehumet
Wu Jian
Xom
Yredelemnul
Zin
The Shining One
Jiyva
Lugonu

Shops:
D ([(==[((!(![?!((:[*[*(

Annotations:
D exclusions: oklob plant and 1 more exclusion, Lernaean hydra


Innate Abilities, Weirdness & Mutations

You have sharp claws.
You have razor-sharp teeth.
You have supernaturally acute eyesight. (SInv)
You cover ground quickly. (Speed+)
Your thick and shaggy fur keeps you warm. (AC +3, rC+)
Your paws help you pounce on unaware monsters.
You are incapable of wielding weapons or throwing items.
You cannot wear armour.
You gain extra lives every three experience levels.
You occasionally lose the ability to drink potions when taking damage.


Message History

Unknown command.
You barely miss the shadow wraith. The hornet completely misses you.
The shadow wraith closely misses you. The hornet completely misses you.
The hellwing misses you. The hellwing hits you.
The merfolk siren chants its luring song.
Unknown command.
You barely miss the shadow wraith.
You bite the shadow wraith, but do no damage.
The hornet completely misses you.
The flayed ghost cries, "Feel what I felt!"
Terrible wounds open up all over your body!
* * * LOW HITPOINT WARNING * * *
The flying skull completely misses you. The hornet barely misses you.
The shadow wraith completely misses you.
You closely miss the shadow wraith. You bite the shadow wraith.
The shadow wraith is lightly damaged.
The hornet completely misses you. The hellwing closely misses you.
The hellwing completely misses you. The flying skull barely misses you.
The merfolk siren chants its luring song.
The hornet completely misses you.
The mummy priest calls on the powers of darkness!
The merfolk siren convulses!
The hornet convulses! x2
Your body is wracked with pain!
* * * LOW HITPOINT WARNING * * *
The hornet convulses!
The deep elf annihilator convulses!
The hornet completely misses you.
Unknown command.
You barely miss the shadow wraith.
The shadow wraith is lightly damaged.
The flying skull completely misses you. The hornet completely misses you.
The shadow wraith completely misses you.
The deep elf annihilator gestures wildly while chanting.
The deep elf annihilator blinks!
The hellwing completely misses you. x2
The hornet completely misses you.
You mangle the shadow wraith!!
The shadow wraith is moderately damaged.
The flying skull misses you. The hornet closely misses you.
The shadow wraith hits you!
You feel threatened and lose the ability to drink potions!
You die...

.§§.'§.§§..'..#..'§§..#
§####.§§.§##..'..#.§§§##
§#
##§§§#######'#§§§§§#####
§#
###'#)$$##..#.§.§§#...#
## #§##$$$#..##§.§§#.∩)#
.# #§.###$#..≈###'##...#
.+ ##.#A#$#..≈.)#[####'#
°#
#..###$#.e4§##'#§§§§##
.#
#.##..$#y@y##§..§§§§§##
##
#..#+###yWz#...§.§.§..#
#
##...#PWn.##.§.§..§..§##
#
###.#M≈mn#............#
#.###..#....§)......#
#†# '..##...§......##
####)# ##'##...§......#
###....#
#~~~##........##
)#####...####
#~~~~##..[...##


You could see a deep elf annihilator, a mummy priest, a flayed ghost (summoned),
an oklob plant, a shadow wraith (summoned, invisible), a hellwing, a merfolk
siren (mesmerising), 3 hornets, 2 necrophages and a flying skull (summoned).

Vanquished Creatures
  A fire giant (D)
  A hydra (D)
  2 centaur warriors (D)
  Sonja (D)
  A deep troll (D)
  An oklob plant (D)
  A lindwurm (D)
  A merfolk siren (D)
  6 unseen horrors (D)
  2 hornets (D)
  A slime creature (D)
  Sigmund (D)
  A yak (D)
  13 hogs (D)
  2 redbacks (D)
  3 floating eyes (D)
  An ogre (D)
  7 necrophages (D)
  8 jellies (D)
  Ijyb (D)
55 creatures vanquished.

Vanquished Creatures (collateral kills)
  A golden dragon (D)
  A shadow dragon (D)
  A fire giant (D)
  8 shining eyes (D)
  4 demonic crawlers (D)
  A gargoyle (D)
  An unseen horror (D)
  2 kobold demonologists (D)
  4 floating eyes (D)
23 creatures vanquished.

Vanquished Creatures (others)
  A fire giant (D)
  2 ballistomycete spores (D)
3 creatures vanquished.

Grand Total: 81 creatures vanquished

Notes
Turn   | Place    | Note
-------+----------+-------------------------------------------
     0 | D        | Groucho the Felid Berserker began the quest for the Orb.
     0 | D        | Reached XP level 1. HP: 10/10 MP: 2/2
     2 | D        | Noticed Ijyb
     9 | D        | Killed Ijyb
    10 | D        | Reached skill level 8 in Stealth
    10 | D        | Reached XP level 2. HP: 13/14 MP: 3/3
    68 | D        | Noticed an ogre
    70 | D        | Killed an ogre
    71 | D        | Reached skill level 12 in Stealth
    71 | D        | Reached XP level 3. HP: 17/17 MP: 4/4
    71 | D        | Reached XP level 4. HP: 21/21 MP: 5/5
    84 | D        | Noticed Sigmund
    87 | D        | Killed Sigmund
    87 | D        | Reached ** piety under Trog
    88 | D        | Reached skill level 17 in Stealth
    88 | D        | Reached XP level 5. HP: 24/24 MP: 6/6
   100 | D        | Found a shimmering blue altar of Sif Muna.
   101 | D        | Found an ornate altar of the Wu Jian Council.
   102 | D        | Found a radiant altar of Vehumet.
   107 | D        | Gained mutation: You are covered in thick fur. (AC +2)
                  | [Felid growth]
   107 | D        | Reached XP level 6. HP: 28/28 MP: 7/7
   127 | D        | Found Jon Urox's Jewellery Emporium.
   127 | D        | Found an ancient bone altar of Kikubaaqudgha.
   127 | D        | Found a hazy altar of Hepliaklqana.
   127 | D        | Found a hide-covered altar of Uskayaw.
   127 | D        | Found a basalt altar of Yredelemnul.
   127 | D        | Found an opulent altar of Gozag.
   127 | D        | Found a snail-covered altar of Cheibriados.
   127 | D        | Found a sacrificial altar of Ru.
   127 | D        | Found a shadowy altar of Dithmenos.
   127 | D        | Noticed a yak
   128 | D        | Found a stormy altar of Qazlal.
   128 | D        | Found a blossoming altar of Fedhas.
   128 | D        | Found a bloodstained altar of Trog.
   128 | D        | Found an iron altar of Okawaru.
   128 | D        | Found a glowing golden altar of the Shining One.
   128 | D        | Found a glowing silver altar of Zin.
   128 | D        | Found a white marble altar of Elyvilon.
   129 | D        | Killed a yak
   130 | D        | Reached skill level 19 in Stealth
   130 | D        | Found a sparkling altar of Nemelex Xobeh.
   150 | D        | Found a burning altar of Makhleb.
   150 | D        | Found a shimmering altar of Xom.
   150 | D        | Noticed a slime creature
   151 | D        | Found a viscous altar of Jiyva.
   151 | D        | Found a corrupted altar of Lugonu.
   153 | D        | Killed a slime creature
   154 | D        | Reached skill level 20 in Stealth
   154 | D        | Reached XP level 7. HP: 31/31 MP: 8/8
   176 | D        | Noticed a centaur warrior
   176 | D        | Noticed a centaur warrior
   177 | D        | Killed a centaur warrior
   177 | D        | Reached *** piety under Trog
   178 | D        | Reached skill level 23 in Stealth
   178 | D        | Reached XP level 8. HP: 34/34 MP: 9/9
   178 | D        | Killed a centaur warrior
   179 | D        | Reached skill level 5 in Fighting
   179 | D        | Reached skill level 24 in Stealth
   179 | D        | Reached skill level 5 in Unarmed Combat
   185 | D        | Noticed a hornet
   188 | D        | Killed a hornet
   200 | D        | Noticed an oklob plant
   202 | D        | Killed an oklob plant
   202 | D        | Reached **** piety under Trog
   203 | D        | Reached XP level 9. HP: 42/42 MP: 10/10
   237 | D        | Noticed an unseen horror
   238 | D        | Noticed an unseen horror
   244 | D        | Killed an unseen horror
   245 | D        | Reached skill level 10 in Dodging
   246 | D        | Killed an unseen horror
   251 | D        | Reached ***** piety under Trog
   542 | D        | Reached ****** piety under Trog
   759 | D        | Reached XP level 10. HP: 41/49 MP: 11/11
   759 | D        | Identified the +9 chain mail of Courage {rF+ rCorr Slay+6}
   776 | D        | Found Loruum's Weapon Shoppe.
   776 | D        | Found Oladghi's Antique Weapon Shop.
   776 | D        | Found Nokyit's Distillery.
   778 | D        | Found Ahusyb's Weapon Emporium.
   778 | D        | Found Tuddeyq's Distillery.
   778 | D        | Found Tiby's Antique Armour Shoppe.
   778 | D        | Found Qumaymnu's Magic Scroll Boutique.
   778 | D        | Found Conyweun's Distillery.
   778 | D        | Found Ipsot's Antique Weapon Shop.
   778 | D        | Found Soophedgh's Weapon Shoppe.
   782 | D        | Found Nofaetem's Book Boutique.
   783 | D        | Found Ziemnin's Assorted Antiques.
   783 | D        | Found Reeclese's Antique Armour Boutique.
   784 | D        | Found Tinka's General Store.
   791 | D        | Bought a brass wand for 92 gold pieces
   802 | D        | Bought a potion of invisibility for 104 gold pieces
   843 | D        | Noticed a deep troll
   845 | D        | Killed a deep troll
   851 | D        | Found Ygezxis's Armour Emporium.
   864 | D        | Noticed Sonja
   867 | D        | Killed Sonja
   868 | D        | Reached skill level 10 in Fighting
   868 | D        | Reached skill level 10 in Unarmed Combat
   882 | D        | Found Kiam Iqa's Weapon Boutique.
  1389 | D        | Noticed a demonic crawler
  1389 | D        | Noticed a demonic crawler
  1389 | D        | Noticed a demonic crawler
  1389 | D        | Noticed a demonic crawler
  1394 | D        | Killed a demonic crawler
  1395 | D        | Killed a demonic crawler
  1396 | D        | Killed a demonic crawler
  1399 | D        | Killed a demonic crawler
  1405 | D        | Noticed a gargoyle
  1410 | D        | Killed a gargoyle
  1740 | D        | Noticed a lindwurm
  1742 | D        | Killed a lindwurm
  1743 | D        | Reached skill level 15 in Dodging
  1766 | D        | Reached XP level 11. HP: 50/57 MP: 12/12
  2292 | D        | Noticed a 12-headed hydra
  2294 | D        | Killed a 12-headed hydra
  2384 | D        | Noticed a shining eye
  2384 | D        | Noticed a shining eye
  2384 | D        | Noticed a shining eye
  2390 | D        | Paralysed by a floating eye for 2 turns
  2391 | D        | Noticed a shining eye
  2398 | D        | Killed a shining eye
  2401 | D        | Gained mutation: You occasionally lose the ability to drink
                  | potions when taking damage. [a shining eye]
  2407 | D        | Noticed a shining eye
  2411 | D        | Killed a shining eye
  2411 | D        | Killed a shining eye
  2412 | D        | Reached skill level 25 in Stealth
  2412 | D        | Killed a shining eye
  2415 | D        | Noticed a shining eye
  2420 | D        | Killed a shining eye
  2422 | D        | Killed a shining eye
  2424 | D        | Noticed a shining eye
  2424 | D        | Noticed a shining eye
  2429 | D        | Killed a shining eye
  2430 | D        | Killed a shining eye
  2435 | D        | Found Jubyithra's Jewellery Shop.
  2435 | D        | Found Savabriafe's Armour Shoppe.
  2435 | D        | Found Cujeorysk's Antique Armour Boutique.
  2435 | D        | Found Uwkaheq's Antique Weapon Emporium.
  2459 | D        | Bought a ring of flight for 210 gold pieces
  2459 | D        | Bought a ring of protection from fire for 300 gold pieces
  2568 | D        | Noticed a shadow dragon
  2568 | D        | Noticed a golden dragon
  2583 | D        | Killed a shadow dragon
  2584 | D        | HP: 2/60 [golden dragon (33)]
  2587 | D        | Killed a golden dragon
  2588 | D        | Gained mutation: Your thick and shaggy fur keeps you warm.
                  | (AC +3, rC+) [Felid growth]
  2588 | D        | Reached XP level 12. HP: 4/64 MP: 13/13
  2648 | D        | Found Nyopt's Weapon Shoppe.
  2704 | D        | Noticed a daeva
  2711 | D        | Reached skill level 15 in Fighting
  2711 | D        | Reached skill level 15 in Unarmed Combat
  2808 | D        | Noticed a fire giant
  2811 | D        | Noticed a fire giant
  2812 | D        | Noticed a fire giant
  2813 | D        | Noticed a fire giant
  2819 | D        | Killed a fire giant
  2834 | D        | Killed a fire giant
  2841 | D        | Killed from afar by a fire giant
  2841 | D        | Killed a fire giant
  2842 | D        | Reached XP level 11. HP: -10/93 MP: 12/12
  2875 | D        | Noticed the 27-headed Lernaean hydra
  2881 | D        | Slain by the 27-headed Lernaean hydra
  2882 | D        | Reached XP level 10. HP: -4/58 MP: 11/11
  2900 | D        | Noticed a merfolk siren
  2901 | D        | Noticed a deep elf annihilator
  2903 | D        | Noticed a merfolk siren
  2905 | D        | Noticed a mummy priest
  2906 | D        | Killed a merfolk siren
  2908 | D        | Noticed an oklob plant
  2911 | D        | Noticed a shadow wraith
  2913 | D        | Noticed a flayed ghost
  2921 | D        | Slain by a shadow wraith

Illustrated notes

Levels and vault maps discovered:
D:        dungeon_sprint_1 [red_sonja_temple_1, red_sonja_temple_small_1]

Skill      XL: |  1  2  3  4  5  6  7  8  9 10 11 12 |
---------------+-------------------------------------+-----
Stealth        | 8 12 17 20 23 24 25 | 25.0
Fighting       | 6 9 16 14 15 | 16.0
Dodging        | 8 11 15 20 | 20.3
Unarmed Combat | 6 9 16 14 15 | 16.0

Action                     |  1- 3 |  4- 6 |  7- 9 | 10-12 || total
---------------------------+-------+-------+-------+-------++-------
  Melee: Unarmed           |     5 |     4 |    51 |   108 ||   168
         Bite              |     1 |       |       |    19 ||    20
         Punch             |       |       |     3 |     9 ||    12
 Invoke: Berserk           |     1 |       |     1 |     1 ||     3
         Brothers in Arms  |       |       |       |    13 ||    13
         Trog's Hand       |       |       |       |     5 ||     5
    Use: Scroll            |       |       |     1 |     1 ||     2
         Potion            |       |       |       |     2 ||     2
   Stab: Sleeping          |     2 |     4 |    15 |     7 ||    28
 Armour: Skin              |       |       |       |     4 ||     4
  Dodge: Dodged            |     1 |       |    27 |   201 ||   229
